 Dungeon Crawl Stone Soup version 0.30-a0-824-g6c64550be9 (webtiles) character file.

Game seed: 12834225783004642995

1760 drugrobin the Martial Artist (level 8, -6/62 HPs)
             Began as a Demigod Delver on Feb 27, 2023.
             Killed from afar by a steam dragon (18 damage)
             ... with a ball of steam
             ... on level 7 of the Dungeon.
             The game lasted 00:14:20 (6251 turns).

drugrobin the Martial Artist (Demigod Delver)       Turns: 6251, Time: 00:14:20

Health: -6/62      AC: 13    Str: 17    XL:     8   Next: 50%
Magic:  10/10      EV:  9    Int: 12    God:
Gold:   33         SH:  0    Dex: 19    Spells: 6/7 levels left

rFire   . . .      SeeInvis .      - Unarmed
rCold   . . .      Faith    .    (no shield)
rNeg    + . .      Spirit   .    x - +0 pearl dragon scales
rPois   .          Reflect  .    A - +0 helmet
rElec   .          Harm     .    p - +0 cloak
rCorr   .          Rampage  +    C - +0 pair of gloves of Follow the Leader {Rampage}
Will    .....                    (no boots)
Stlth   +                        n - amulet of regeneration
HPRegen 1.10/turn                u - ring of flight
MPRegen 0.12/turn                (no ring)

@: flying
A: high MP 1, forlorn, divine attributes
a: no special abilities


You were on level 7 of the Dungeon.
You visited 1 branch of the dungeon, and saw 7 of its levels.

You collected 289 gold pieces.
You spent 256 gold pieces at shops.

Inventory:

Missiles
 g - 82 stones
 t - 6 poisoned darts (quivered)
Armour
 p - a +0 cloak (worn)
 x - +0 pearl dragon scales (worn)
 A - a +0 helmet (worn)
 C - the +0 pair of gloves of Follow the Leader (worn) {Rampage}
   (You bought it in a shop on level 3 of the Dungeon)

   Rampage:   It bestows one free step when moving towards enemies.
Jewellery
 l - an amulet of reflection
 n - an amulet of regeneration (around neck)
 u - a ring of flight (left hand)
 B - a ring of magical power
Wands
 f - a wand of digging (3)
 D - a wand of roots (10)
Scrolls
 b - a scroll of fog
 c - 2 scrolls of magic mapping
 k - 3 scrolls of vulnerability {unknown}
 m - 2 scrolls of poison {unknown}
 o - a scroll of immolation {unknown}
 q - 4 scrolls of torment {unknown}
 r - 5 scrolls of teleportation {unknown}
 s - a scroll of amnesia
 w - 2 scrolls of enchant armour
 y - a scroll of enchant weapon
Potions
 a - 3 potions of might
 d - a potion of brilliance {unknown}
 e - a potion of haste
 h - 5 potions of curing
 i - 3 potions of heal wounds
 v - a potion of flight {unknown}
 z - a potion of cancellation {unknown}
 E - a potion of degeneration {unknown}


   Skills:
 - Level 2.6 Fighting
 - Level 1.7 Dodging
 - Level 4.5 Stealth
 + Level 10.6 Unarmed Combat


You had 6 spell levels left.
You knew the following spells:

 Your Spells              Type           Power      Damage    Failure   Level
a - Summon Small Mammal   Summ           0%         N/A       83%         1

Your spell library contained the following spells:

 Spells                   Type           Power      Damage    Failure   Level
 Apportation              Tloc           0%         N/A       83%         1
 Necrotise                Necr           0%         1d4       83%         1
 Cigotuvi's Dreadful Rot  Necr/Pois/Air  0%         N/A       93%         2
 Poisonous Vapours        Pois/Air       0%         N/A       93%         2
 Call Canine Familiar     Summ           0%         N/A       99%         3
 Mephitic Cloud           Conj/Pois/Air  0%         N/A       99%         3
 Summon Guardian Golem    Hex/Summ       0%         N/A       99%         3


Dungeon Overview and Level Annotations

Branches:
Dungeon (7/15)             Temple (0/1) D:6

Shops:
D:3 [

Annotations:
D:6 2 runed translucent doors, exclusion: downstairs, cforsyth's ghost, novice KoBr


Innate Abilities, Weirdness & Mutations

You have an increased reservoir of magic. (+10% MP)
You shall have no god before yourself.
Your divine heritage dramatically boosts your attributes as you level up.


Message History

The kobold brigand hits you but does no damage.
You punch the kobold brigand!
The kobold brigand is severely wounded.
You feel sick.
You hit the kobold brigand. You punch the kobold brigand.
You kill the kobold brigand!
You feel sick. The steam dragon breathes steam at you.
The ball of steam hits you!!
You rampage towards the steam dragon!
You punch the steam dragon!
The steam dragon is heavily wounded.
You are engulfed in a cloud of scalding steam.
You feel sick.
The steam dragon bites you but does no damage.
The steam dragon claws you.
You hit the steam dragon but do no damage.
The steam dragon is heavily wounded.
You are engulfed in a cloud of scalding steam.
You feel sick.
You are no longer poisoned.
The steam dragon bites you! The steam dragon barely misses you.
You punch the steam dragon!
The steam dragon is severely wounded.
You are engulfed in a cloud of scalding steam.
The steam dragon closely misses you. The steam dragon barely misses you.
You closely miss the steam dragon.
The steam dragon is severely wounded.
You are engulfed in a cloud of scalding steam.
You hit the steam dragon. Your punch misses the steam dragon.
The steam dragon is almost dead.
You are engulfed in a cloud of scalding steam.
The steam dragon completely misses you.
The steam dragon claws you but does no damage.
You barely miss the steam dragon.
The steam dragon is almost dead.
You are engulfed in a cloud of scalding steam.
* * * LOW HITPOINT WARNING * * *
The steam dragon breathes steam at you. The ball of steam hits you!!
You die...

############
.....KD@)..#
##########.#
#.# #.# #.#
#.# #.# #.#
#.#


You could see a steam dragon (catching breath) and a kobold.

Vanquished Creatures
  Menkaure (D:4)
  A water moccasin (D:5)
  Edmund (D:6)
  2 black bears (D:6)
  An ice beast (D:5)
  A sky beast (D:6)
  2 ogres
  A centaur (D:6)
  Blork the orc (D:6)
  A kobold brigand (D:7)
  A necrophage (D:5)
  2 scorpions (D:6)
  A human zombie (D:6)
  2 jellies
  An orc priest (D:6)
  2 hounds
  6 iguanas
  An orc wizard (D:6)
  3 gnolls
  4 adders
  A shadow imp (D:7)
  2 ufetubi
  2 dart slugs
  4 orcs
  8 bats
  4 endoplasms
  3 goblins
  5 hobgoblins
  7 kobolds
  7 quokkas
  5 ball pythons
  4 frilled lizards
  A goblin skeleton (D:6)
  A rat (D:1)
89 creatures vanquished.

Notes
Turn   | Place    | Note
-------+----------+-------------------------------------------
     0 | D:5      | drugrobin the Demigod Delver began the quest for the Orb.
     0 | D:5      | Reached XP level 1. HP: 18/18 MP: 3/3
    64 | D:5      | Noticed a necrophage
   131 | D:4      | Reached skill level 2 in Unarmed Combat
   149 | D:4      | Noticed Menkaure
   478 | D:2      | Reached XP level 2. HP: 18/25 MP: 4/4
   675 | D:2      | Reached skill level 3 in Unarmed Combat
   948 | D:1      | Reached XP level 3. HP: 30/30 MP: 5/5
  1466 | D:2      | Learned a level 1 spell: Summon Small Mammal
  2206 | D:3      | Reached skill level 4 in Unarmed Combat
  2406 | D:3      | Found Vejolerrunae's Antique Armour Boutique.
  3081 | D:4      | Reached XP level 4. HP: 37/37 MP: 6/6
  3390 | D:4      | Reached skill level 5 in Unarmed Combat
  3515 | D:4      | Killed Menkaure
  3516 | D:4      | Reached XP level 5. HP: 42/42 MP: 7/7
  3624 | D:5      | Noticed an ice beast
  3642 | D:5      | Reached skill level 6 in Unarmed Combat
  3642 | D:5      | Reached XP level 6. HP: 50/50 MP: 8/8
  3907 | D:5      | Reached skill level 7 in Unarmed Combat
  4147 | D:5      | Noticed a water moccasin
  4154 | D:5      | Killed a water moccasin
  4155 | D:5      | Reached XP level 7. HP: 56/56 MP: 9/9
  4819 | D:6      | Found a staircase to the Ecumenical Temple.
  4872 | D:6      | Reached skill level 8 in Unarmed Combat
  4936 | D:6      | Found a runed translucent door.
  5091 | D:6      | Found a runed translucent door.
  5091 | D:6      | Noticed a human
  5193 | D:6      | Noticed cforsyth's ghost (novice KoBr)
  5260 | D:6      | Reached skill level 9 in Unarmed Combat
  5396 | D:3      | Bought a pair of buzzing gloves for 256 gold pieces
  5396 | D:3      | Identified the +0 pair of gloves of Follow the Leader
                  | {Rampage} (You bought it in a shop on level 3 of the
                  | Dungeon)
  5543 | D:6      | Reached XP level 8. HP: 45/62 MP: 10/10
  5593 | D:6      | Noticed Edmund
  5639 | D:6      | Killed Edmund
  5659 | D:6      | Noticed Blork the orc
  5841 | D:6      | Killed Blork the orc
  5842 | D:6      | Reached skill level 10 in Unarmed Combat
  6040 | D:7      | Noticed a hornet
  6251 | D:7      | Killed from afar by a steam dragon

Illustrated notes

Levels and vault maps discovered:
D:1:      dpeg_arrival_castle, layout_rooms, chequers_arboretum
D:2:      layout_basic
D:3:      layout_basic, mainiacjoe_overflow_alcove_1, serial_shops,
          nicolae_shop_behind_doors, serial_forest,
          infiniplex_forest_clump_tiny, infiniplex_forest_split,
          infiniplex_forest_straight_1, infiniplex_forest_lined_2,
          infiniplex_forest_corner_1, infiniplex_forest_corner_1,
          infiniplex_forest_split, infiniplex_forest_lined_2,
          minmay_misc_feat_columns
D:4:      layout_basic, mainiacjoe_overflow_surrounded_room,
          grunt_qazlal_sundering, uniq_menkaure
D:5:      layout_basic, lemuel_round_altar
D:6:      layout_gridville, chequers_temple_overflow_statue_of_worship,
          dk_yredelemnul_ordeal, lemuel_doored_altar,
          minmay_temple_entry_mini_moons, ebering_ghost_sewer_d, uniq_edmund,
          uniq_blork_the_orc
D:7:      layout_basic, nicolae_sif_muna_condensation, serial_shops,
          nicolae_shop_waterfront, gammafunk_ghost_split,
          minmay_misc_feat_cross, minmay_lizard_king

Skill      XL: |  1  2  3  4  5  6  7  8 |
---------------+-------------------------+-----
Unarmed Combat | 2 3 4 5 6 7 9 10 | 10.6
Fighting       | |  2.6
Dodging        | |  1.7
Stealth        | |  4.5

Action                     |  1- 3 |  4- 6 |  7- 9 || total
---------------------------+-------+-------+-------++-------
  Melee: Unarmed           |   204 |    85 |   156 ||   445
         Punch             |     3 |     3 |    12 ||    18
  Throw: Stone             |    11 |     6 |       ||    17
         Dart              |       |     4 |    41 ||    45
  Evoke: Wand              |       |     7 |       ||     7
    Use: Scroll            |       |       |     7 ||     7
   Stab: Sleeping          |     4 |       |     1 ||     5
 Armour: Leather armour    |    55 |       |       ||    55
         Ring mail         |    14 |       |       ||    14
         Pearl dragon scal |       |    43 |    60 ||   103
  Dodge: Dodged            |   122 |    33 |    49 ||   204

Table legend: (Time is in decaauts)
 A = Elapsed time spent in this place.
 B = Non-inter-level travel time spent in this place.
 C = Inter-level travel time spent in this place.
 D = Time resting spent in this place.
 E = Time spent auto-exploring this place.
 F = Levels seen in this place.
 G = Mean time per level.
                   A        B        C        D        E       F      G
               +--------+--------+--------+--------+--------+-----+--------+
         Total |   6221 |   5769 |    452 |     40 |   4163 |   7 |  888.7 |
       Dungeon |   6221 |   5769 |    452 |     40 |   4163 |   7 |  888.7 |
               +--------+--------+--------+--------+--------+-----+--------+

Top non-repeatable levels by time:
     D:5: 1463 daAuts
     D:3: 1205 daAuts
     D:6: 985 daAuts
     D:2: 926 daAuts
     D:4: 820 daAuts
     D:1: 627 daAuts
     D:7: 192 daAuts
